 Dungeon Crawl Stone Soup version 0.29-a0-284-gf9362112df (webtiles) character file.

Game seed: 8338884449892414657

123 bladeefan the Skirmisher (level 4, -4/36 HPs)
             Began as a Demonspawn Chaos Knight on Mar 28, 2022.
             Was a Plaything of Xom.
             Killed by divine providence
             ... invoked by an orc priest
              (14 damage)
             ... on level 3 of the Dungeon.
             The game lasted 00:06:27 (3256 turns).

bladeefan the Skirmisher (Demonspawn Chaos Knight)  Turns: 3256, Time: 00:06:28

Health: -4/36      AC:  7    Str: 14    XL:     4   Next: 79%
Magic:  4/4        EV: 15    Int: 13    God:    Xom [...*..]
Gold:   214        SH:  0    Dex: 13    Spells: 3/3 levels left

rFire   . . .      SeeInvis .   g - +3 lajatang (vamp) {!w}
rCold   + . .      Faith    .   (shield currently unavailable)
rNeg    . . .      Spirit   .   k - +0 ring mail
rPois   .          Reflect  .   (no helmet)
rElec   .          Harm     .   (no cloak)
rCorr   .          Rampage  .   (no gloves)
Will    .....                   (no boots)
Stlth   +.........              (no amulet)
HPRegen 0.12/turn               o - ring of protection from cold
MPRegen 0.09/turn               e - +4 ring of evasion

@: no status effects
A: thin metallic scales 1, MP-powered wands
a: Renounce Religion


You were on level 3 of the Dungeon.
You worshipped Xom.
You were a favourite toy of Xom.
You visited 1 branch of the dungeon, and saw 3 of its levels.

You collected 214 gold pieces.

Inventory:

Hand Weapons
 g - a +3 vampiric lajatang (weapon) {!w}
   (You acquired it on level 2 of the Dungeon)
Armour
 k - a +0 ring mail (worn)
   (You found it on level 1 of the Dungeon)
Jewellery
 e - a +4 ring of evasion (right hand)
   (You found it on level 3 of the Dungeon)
 o - a ring of protection from cold (left hand)
   (You found it on level 3 of the Dungeon)
Wands
 l - a wand of charming (5)
   (Xom gifted it to you on level 3 of the Dungeon)
Scrolls
 b - a scroll of vulnerability {!r}
 i - a scroll of torment {!r}
 j - a scroll of blinking
Potions
 a - 2 potions of invisibility {unknown}
 d - 2 potions of curing {@q1}
 f - a potion of brilliance {unknown}
 m - a potion of degeneration {unknown}
 q - a potion of might {unknown}
Miscellaneous
 c - a piece from Xom's chessboard (15/15) (quivered)


   Skills:
 + Level 3.6 Fighting
 - Level 3.5(3.6) Maces & Flails
 * Level 1.0(2.4) Staves
 + Level 2.5 Armour
 + Level 2.0 Dodging


You had 3 spell levels left.
You didn't know any spells.
Your spell library contained the following spells:

 Spells                   Type           Power      Damage    Failure   Level
 Sting                    Tmut/Pois      0%         1d3       52%         1
 Poisonous Vapours        Pois/Air       0%         N/A       67%         2
 Ignite Poison            Fire/Tmut/Pois 0%         N/A       88%         3
 Mephitic Cloud           Conj/Pois/Air  0%         N/A       88%         3
 Olgreb's Toxic Radiance  Pois           0%         N/A       99%         4
 Freezing Cloud           Conj/Ice/Air   0%         6-21      100%        5


Dungeon Overview and Level Annotations

Branches:
Dungeon (3/15)

Altars:
The Shining One


Innate Abilities, Weirdness & Mutations

You are partially covered in thin metallic scales. (AC +2)
You expend magic power (3 MP) to strengthen your wands.


Message History

You closely miss the orc priest.
The orc priest miscasts a cantrip.
You closely miss the orc priest.
The orc priest calls down the wrath of Beogh upon you.
Pain shoots through your body! The orc hits you but does no damage.
The orc priest invokes the aid of Beogh against you.
Pain shoots through your body!
You hit the orc priest. The orc closely misses you.
The orc priest hits you with a +0 short sword.
You hit the orc priest.
You feel better.
The orc priest hits you with a +0 short sword.
You barely miss the orc priest. The orc hits you but does no damage.
The orc priest calls down the wrath of Beogh upon you.
Beogh smites you!
* * * LOW HITPOINT WARNING * * *
The orc priest hits you with a +0 whip.
* * * LOW HITPOINT WARNING * * *
The orc closely misses you. The orc priest hits you with a +0 whip.
* * * LOW HITPOINT WARNING * * *
The orc priest hits you with a +0 short sword.
* * * LOW HITPOINT WARNING * * *
You slash the orc priest!
You kill the orc priest!
The orc hits you but does no damage.
The orc priest miscasts a cantrip.
Your base Staves skill increases to level 1!
Your Dodging skill increases to level 2!
You hit the orc priest. The orc completely misses you.
The orc closely misses you. The orc priest closely misses you.
You hit the orc priest but do no damage.
The orc hits you with a +0 dagger.
* * * LOW HITPOINT WARNING * * *
The orc hits you but does no damage.
The orc priest hits you but does no damage.
The orc misses you. The orc priest closely misses you.
The orc barely misses you.
You hit the orc priest.
You feel better. The orc completely misses you.
The orc hits you with a +0 hand axe.
* * * LOW HITPOINT WARNING * * *
The orc priest mumbles some strange prayers to Beogh against you.
Pain shoots through your body!
* * * LOW HITPOINT WARNING * * *
It was a potion of curing.
You feel better. The orc barely misses you. The orc closely misses you.
The orc priest closely misses you.
You barely miss the orc priest. The orc barely misses you.
The orc closely misses you.
The orc priest invokes the aid of Beogh against you.
Beogh smites you!
You die...
Xom bursts into laughter!

#.......# #............
##.......# #.............
.........# #.>..........o
#####.#### #.............
.####.# #.............
...##.## #.............
#......#### #............
..........#
####oo.........
..........###..o@##.....##
..........##..#####.....#
.............######.....#
..........######........#
.....)....###(...##.....#
..............#####...(.#
†..).)..##....# #.....#
..............#####.#####
....................#


You could see an orc priest and 2 orcs.

Vanquished Creatures
  An orc priest (D:3)
  4 adders
  2 worms (D:3)
  4 orcs (D:3)
  2 endoplasms
  3 giant cockroaches (D:3)
  5 hobgoblins
  5 kobolds
  3 quokkas
  A ball python (D:1)
  8 bats
  5 frilled lizards
  5 goblins
  3 rats
51 creatures vanquished.

Vanquished Creatures (others)
  An adder (D:2)
  7 demonic plants (D:2)
  3 fungi (D:2)
  2 plants (D:2)
  2 withered plants (D:2)
15 creatures vanquished.

Grand Total: 66 creatures vanquished

Notes
Turn   | Place    | Note
-------+----------+-------------------------------------------
     0 | D:1      | bladeefan the Demonspawn Chaos Knight began the quest for
                  | the Orb.
     0 | D:1      | Reached XP level 1. HP: 18/18 MP: 1/1
   118 | D:1      | You fall into a shaft and drop 1 floor!
   140 | D:2      | XOM: potion effect (curing)
   152 | D:2      | XOM: silly message
   157 | D:2      | XOM: enchant monster (good)
   167 | D:2      | Reached skill level 1 in Dodging
   167 | D:2      | Gained mutation: You are partially covered in thin metallic
                  | scales. (AC +2) [demonic ancestry]
   167 | D:2      | Reached XP level 2. HP: 23/24 MP: 2/2
   547 | D:2      | XOM: god gift: 25 gold pieces
   612 | D:2      | Reached XP level 3. HP: 23/29 MP: 3/3
   777 | D:1      | XOM: cast spell 'Statue Form'
  1011 | D:1      | XOM: cloud trail
  1429 | D:1      | XOM is BORED!
  1447 | D:1      | XOM: give mutation
  1447 | D:1      | Gained mutation: You expend magic power (3 MP) to
                  | strengthen your wands. [Xom's grace]
  1702 | D:2      | Found a faded altar of an unknown god.
  2125 | D:3      | Reached XP level 4. HP: 28/35 MP: 4/4
  2353 | D:3      | XOM: god gift: brass wand {god gift}
  2928 | D:2      | Identified a scroll of acquirement
  2928 | D:2      | Acquired a +2 vampiric lajatang
  3252 | D:3      | Reached skill level 1 in Staves
  3254 | D:3      | HP: 1/36 [orc priest/nerve-wracking pain (5)]
  3256 | D:3      | Killed from afar by an orc priest

Illustrated notes

Levels and vault maps discovered:
D:1:      erik_arrival_blinker_ship, layout_loops_corners
D:2:      layout_rooms, shapermc_ecumenical_altar_gd, hangedman_decor_points,
          small_statue_intersection
D:3:      layout_rooms, mainiacjoe_overflow_alcove_4, tso_metal_star

Skill      XL: |  1  2  3  4 |
---------------+-------------+-----
Maces & Flails | 3 |  3.5
Armour         | 2 |  2.5
Dodging        | 1 2 |  2.0
Staves         | 1 |  1.0
Fighting       | |  3.6

Action                   |  1- 3 |  4- 6 || total
-------------------------+-------+-------++-------
Melee: Mace              |    32 |       ||    32
       Whip              |    73 |    18 ||    91
       Punch             |     1 |       ||     1
       Lajatang          |       |    31 ||    31
Evoke: Piece from Xom's  |     2 |       ||     2
  Use: Scroll            |     1 |     6 ||     7
       Potion            |       |     1 ||     1
 Stab: Distracted        |     1 |       ||     1
       Confused          |     1 |       ||     1
Armor: Leather armour    |    46 |       ||    46
       Ring mail         |     9 |    16 ||    25
       Skin              |     6 |       ||     6
Dodge: Dodged            |    81 |    34 ||   115

Table legend: (Time is in decaauts)
 A = Elapsed time spent in this place.
 B = Non-inter-level travel time spent in this place.
 C = Inter-level travel time spent in this place.
 D = Time resting spent in this place.
 E = Time spent auto-exploring this place.
 F = Levels seen in this place.
 G = Mean time per level.
                   A        B        C        D        E       F      G
               +--------+--------+--------+--------+--------+-----+--------+
         Total |   3280 |   3098 |    182 |    613 |   1861 |   3 | 1093.3 |
       Dungeon |   3280 |   3098 |    182 |    613 |   1861 |   3 | 1093.3 |
               +--------+--------+--------+--------+--------+-----+--------+

Top non-repeatable levels by time:
     D:2: 1385 daAuts
     D:1: 1073 daAuts
     D:3: 821 daAuts
